 Dungeon Crawl Stone Soup version 0.22-a0-247-gbddf880 (webtiles) character file.

126 Amnesiac the Digger (level 5, 0/35 HPs)
             Began as a Formicid Earth Elementalist on Feb 23, 2018.
             Slain by an orc (3 damage)
             ... on level 2 of the Dungeon.
             The game lasted 00:03:04 (757 turns).

Amnesiac the Digger (Formicid Earth Elementalist)    Turns: 757, Time: 00:03:05

Health: 0/35       AC:  2    Str: 13    XL:     5   Next: 32%
Magic:  2/10       EV: 14    Int: 15    God:
Gold:   64         SH:  0    Dex: 11    Spells: 3/10 levels left

rFire    . . .     SeeInvis +   b - -1 mace (curse)
rCold    . . .     Gourm    .   (no shield)
rNeg     . . .     Faith    .   c - +0 robe
rPois    .         Spirit   .   (helmet unavailable)
rElec    .         Reflect  .   (no cloak)
rCorr    .         Harm     .   (no gloves)
MR       .....                  (no boots)
Stlth    ++........             (no amulet)
HPRegen  0.11/turn              (no ring)
MPRegen  0.12/turn              (no ring)

@: very slightly contaminated
A: permanent stasis, dig shafts and tunnels, four strong arms, antennae 3,
repulsion field 1, MP-powered wands
a: Dig, Shaft Self


You were on level 2 of the Dungeon.
You were not hungry.

You visited 1 branch of the dungeon, and saw 4 of its levels.

You collected 64 gold pieces.

Inventory:

Hand Weapons
 b - a cursed -1 mace (weapon)
Armour
 c - a +0 robe (worn)
Scrolls
 a - a scroll of fog {!r, unknown}
 e - a scroll of enchant armour {!r, unknown}
 g - 2 scrolls of teleportation {!r, unknown}
 h - 2 scrolls of magic mapping {!r, unknown}
 j - a scroll of identify {!r, unknown}
Potions
 f - a potion of flight {!q, unknown}
 i - a potion of mutation {!q}
Comestibles
 d - 2 rations


   Skills:
 - Level 1.7 Dodging
 - Level 2.4 Stealth
 + Level 3.4 Spellcasting
 - Level 1.1 Transmutations
 * Level 5.9 Earth Magic


You had 3 spell levels left.
You knew the following spells:

 Your Spells              Type           Power        Failure   Level  Hunger
a - Sandblast             Erth           ###...       1%          1    None
b - Passwall              Tmut/Erth      ##........   7%          2    ##.....
e - Petrify               Tmut/Erth      ##......     41%         4    ####...


Dungeon Overview and Level Annotations

Branches:
Dungeon (4/15)
 Temple: D:4-7

Altars:


Innate Abilities, Weirdness & Mutations

You cannot be hasted, slowed, berserked, paralysed or teleported.
You can dig through walls and to a lower floor.
Your four strong arms can wield two-handed weapons with a shield.
You have a pair of large antennae on your head. (SInv)
You are surrounded by a mild repulsion field. (EV +2)
You expend magic power (3 MP) to strengthen your wands.


Message History

The orc closely misses you.
You barely miss the orc.
The orc is lightly wounded.
The orc misses you.
You barely miss the orc.
The orc is lightly wounded.
The orc closely misses you. The orc misses you.
You hit the orc but do no damage.
The orc is lightly wounded.
The orc hits you.
* * * LOW HITPOINT WARNING * * *
You barely miss the orc.
The orc is lightly wounded.
The orc hits you but does no damage. The orc closely misses you.
You hit the orc but do no damage.
The orc is lightly wounded.
The orc hits you.
* * * LOW HITPOINT WARNING * * *
You hit the orc but do no damage.
The orc is lightly wounded.
The orc barely misses you.
You barely miss the orc.
The orc is lightly wounded.
The orc hits you.
* * * LOW HITPOINT WARNING * * *
The orc closely misses you.
You closely miss the orc.
The orc is lightly wounded.
The orc hits you.
* * * LOW HITPOINT WARNING * * *
Really quaff
i - 2 glowing coppery potions {!q}?
It was a potion of mutation {!q}.
You feel extremely strange.
You feel your magical essence link to your wands.
You begin to radiate repulsive energy.
The orc barely misses you.
Really quaff
k - a coppery potion {!q}?
It was a potion of curing {!q}.
You feel better. The orc barely misses you.
Okay, then.
You hit the orc but do no damage.
The orc is lightly wounded.
The orc hits you.
* * * LOW HITPOINT WARNING * * *
The orc hits you.
* * * LOW HITPOINT WARNING * * *
Casting: Sandblast (safe; 1% risk of failure)
Confirm with . or Enter, or press ? or * to list all spells.
Okay, then.
Casting: Sandblast (safe; 1% risk of failure)
Confirm with . or Enter, or press ? or * to list all spells.
Aiming: Petrify (quite dangerous; 41% risk of failure)
Press: ? - help, Shift-Dir - straight line, f - orc
Aim: an orc, wearing a chain mail (lightly wounded, chance to defeat MR: 62%)
The orc resists with significant effort.
The orc hits you.
* * * LOW HITPOINT WARNING * * *
Casting: Petrify (quite dangerous; 41% risk of failure)
Confirm with . or Enter, or press ? or * to list all spells.
Aiming: Petrify (quite dangerous; 41% risk of failure)
Press: ? - help, Shift-Dir - straight line, f/p - orc
Aim: an orc, wearing a chain mail (lightly wounded, chance to defeat MR: 62%)
You miscast Petrify.
You are very lightly contaminated with residual magic.
Your hands glow momentarily.
The orc hits you.
You die...

#.# #.# #.# #.#
#.# #.# #.# #.#
#.# #.# #.#
#@###.##########
#o#.............
#.#.....>.......
#.#.....########
#..............
###############


You could see an orc.

Vanquished Creatures
  A worker ant (D:4)
  7 gnolls (D:4)
  An adder (D:4)
  2 dart slugs
  2 orcs (D:4)
  A giant cockroach (D:3)
  A goblin (D:3)
  A hobgoblin (D:1)
  6 jackals
  2 bats
  2 frilled lizards
  A quokka skeleton (D:4)
27 creatures vanquished.

Notes
Turn   | Place    | Note
-------+----------+-------------------------------------------
     0 | D:1      | Amnesiac the Formicid Earth Elementalist began the quest for the Orb.
     0 | D:1      | Reached XP level 1. HP: 13/13 MP: 3/3
   210 | D:3      | Reached skill level 4 in Earth Magic
   210 | D:3      | Reached XP level 2. HP: 16/19 MP: 1/5
   320 | D:4      | Reached XP level 3. HP: 24/24 MP: 4/6
   432 | D:4      | Reached skill level 5 in Earth Magic
   432 | D:4      | Reached XP level 4. HP: 29/30 MP: 3/8
   543 | D:4      | Reached XP level 5. HP: 35/35 MP: 3/9
   552 | D:4      | Learned a level 2 spell: Passwall
   557 | D:4      | Learned a level 4 spell: Petrify
   654 | D:4      | Noticed an ogre
   753 | D:2      | Gained mutation: You expend magic power (3 MP) to strengthen your wands. [potion of mutation]
   753 | D:2      | Gained mutation: You are surrounded by a mild repulsion field. (EV +2) [potion of mutation]
   757 | D:2      | Slain by an orc

Vault maps used:
D:1:      dpeg_arrival_rooms_c
D:3:      first_ration, tso_altar

Skill      XL: |  1  2  3  4 |
---------------+-------------+-----
Earth Magic    | 4 5 |  5.9
Spellcasting   | 3 |  3.4
Dodging        | |  1.7
Stealth        | |  2.4
Transmutations | |  1.1

Action                   |  1- 3 |  4- 6 || total
-------------------------+-------+-------++-------
Melee: Unarmed           |     2 |     8 ||    10
       Mace              |       |    17 ||    17
 Cast: Sandblast         |    23 |    22 ||    45
       Petrify           |       |     1 ||     1
  Use: Potion            |       |     2 ||     2
Armor: Robe              |       |    17 ||    17
Dodge: Dodged            |     9 |    51 ||    60

Table legend:
 A = Spawn XP
 B = Non-spawn XP
 C = Spawn XP percentage of total XP
 D = Spawn monster count
 E = Non-spawn monster count
 F = Spawn count percentage of total count
 G = Total turns spent on level
                    A         B        C        D         E        F      G
               +---------+---------+-------+---------+---------+-------+---------
         Total |       0 |     181 |   0.0 |       0 |      27 |   0.0 |   757
               +---------+---------+-------+---------+---------+-------+---------
           D:1 |       0 |       6 |   0.0 |       0 |       2 |   0.0 |   199
           D:2 |       0 |       1 |   0.0 |       0 |       1 |   0.0 |    74
           D:3 |       0 |      12 |   0.0 |       0 |       7 |   0.0 |   109
           D:4 |       0 |     162 |   0.0 |       0 |      17 |   0.0 |   375
               +---------+---------+-------+---------+---------+-------+---------
